 Dungeon Crawl Stone Soup version 0.30.1-4-g462c640d31 (webtiles) character file.

Game seed: 4736422675198465899

31297 spardeous the Thaumaturge (level 12, -2/81 HPs)
             Began as a Demigod Conjurer on Aug 15, 2023.
             Slain by an eight-headed hydra (6 damage)
             ... while petrified by a basilisk
             ... on level 14 of the Dungeon.
             The game lasted 00:30:37 (22747 turns).

spardeous the Thaumaturge (Demigod Conjurer)       Turns: 22747, Time: 00:30:38

Health: -2/81      AC: 13    Str: 12    XL:     12   Next: 97%
Magic:  43/43      EV:  2    Int: 32    God:
Gold:   1271       SH:  0    Dex: 15    Spells: 30/37 levels left

rFire   . . .        H - +7 short sword of the Pariah {freeze, MP+9 Dex+3}
rCold   . . .        s - +0 buckler
rNeg    + + +        m - +3 ring mail of Classification {+Blink rCorr}
rPois   ∞            (no helmet)
rElec   .            (no cloak)
rCorr   +            J - +0 pair of gloves
SInv    .            (no boots)
Will    +....        R - amulet of magic regeneration
Stlth   +            q - +5 ring of evasion
HPRegen 0.33/turn    M - +4 ring of protection
MPRegen 0.68/turn

%: no passive effects
@: petrified
A: high MP 1, forlorn, divine attributes
a: Evoke Blink


You were on level 14 of the Dungeon.
You visited 1 branch of the dungeon, and saw 14 of its levels.
You also visited: Sewer and Ossuary.

You collected 1271 gold pieces.

Inventory:

Hand Weapons
 b - a +1 war axe of freezing
 i - a +0 war axe
 u - a +2 war axe
 H - the +7 short sword of the Pariah (weapon) {freeze, MP+9 Dex+3}
   (You found it on level 6 of the Dungeon)

   Dex:       It affects your dexterity (+3).
   MP:        It affects your magic capacity (+9).
 I - the +9 staff of Olgreb {rPois∞}
   (You found it on level 6 of the Dungeon)

   It enhances your poison magic.
   It grants immunity to poison.
   It can be activated via the 'a'bility menu to radiate toxic energy, with
   effectiveness depending on Evocations skill.
 S - the +9 shortbow "Zusenex" {elec, rPois}
   (You found it on level 13 of the Dungeon)

   rPois:     It protects you from poison.
Missiles
 C - a throwing net
Armour
 a - a +0 robe
 h - a +0 ring mail
 m - the +3 ring mail of Classification (worn) {+Blink rCorr}
   (You found it on level 2 of the Dungeon)

   +Blink:    It lets you blink.
   rCorr:     It protects you from acid and corrosion.
 s - a +0 buckler (worn)
 J - a +0 pair of gloves (worn)
 Q - a +0 buckler
 T - the +3 plate armour of Yroru {Int+4}
   (You found it on level 13 of the Dungeon)

   Int:       It affects your intelligence (+4).
Jewellery
 q - a +5 ring of evasion (left hand)
 y - a ring of willpower
 M - a +4 ring of protection (right hand)
 P - a ring of see invisible
 R - an amulet of magic regeneration (around neck)
Wands
 f - a wand of roots (12)
 v - a wand of polymorph (2)
 B - a wand of light (9)
 K - a wand of digging (3)
Scrolls
 d - 2 scrolls of blinking
 g - a scroll of enchant armour
 j - 3 scrolls of amnesia
 k - 2 scrolls of magic mapping
 l - 3 scrolls of teleportation
 n - 3 scrolls of vulnerability
 o - 4 scrolls of fear
 r - 2 scrolls of enchant weapon
 A - a scroll of torment
 G - 3 scrolls of noise
 L - a scroll of brand weapon
 U - a scroll of identify
Potions
 c - 5 potions of mutation {unknown}
 e - a potion of brilliance
 p - 6 potions of heal wounds
 t - 4 potions of might
 w - a potion of invisibility
 x - 6 potions of lignification {unknown}
 z - a potion of degeneration
 D - 3 potions of haste {unknown}
 E - 2 potions of flight
 F - 5 potions of curing {unknown}
 N - a potion of cancellation {unknown}
 O - 2 potions of magic


   Skills:
 - Level 1.7 Dodging
 - Level 1.7 Stealth
 - Level 13.1 Spellcasting
 - Level 12.6 Conjurations
 + Level 9.9 Translocations


You had 30 spell levels left.
You knew the following spells:

 Your Spells              Type           Power      Damage    Failure   Level
a - Magic Dart            Conj           100%       1d8       1%          1
b - Searing Ray           Conj           100%       2d8       1%          2
c - Iskenderun's Mystic   Conj/Tloc      76%        2d15      1%          4

Your spell library contained the following spells:

 Spells                   Type           Power      Damage    Failure   Level
 Apportation              Tloc           100%       N/A       1%          1
 Shock                    Conj/Air       100%       1d9       1%          1
 Dazzling Flash           Conj/Hex       100%       N/A       1%          3
 Fulminant Prism          Conj/Hex       28%        3d14      5%          4
 Necrotise                Necr           84%        1d8       8%          1
 Summon Small Mammal      Summ           84%        N/A       8%          1
 Sublimation of Blood     Necr           21%        N/A       11%         2
 Wereblood                Tmut           21%        N/A       11%         2
 Swiftness                Air            21%        N/A       22%         3
 Vampiric Draining        Necr           21%        2d7       22%         3
 Airstrike                Air            10%        2d(2-18)  58%         4
 Leda's Liquefaction      Hex/Erth       10%        N/A       58%         4
 Agony                    Necr           21%        N/A       90%         5
 Lee's Rapid Deconstruct  Erth           10%        3d8*      90%         5
 Statue Form              Tmut/Erth      14%        N/A       100%        6
 Summon Hydra             Summ           10%        N/A       100%        7


Dungeon Overview and Level Annotations

Branches:
Dungeon (14/15)            Temple (0/1) D:7            Lair (0/5) D:10
    Orc (0/2) D:11         Vaults (0/5) D:14          Sewer (visited)
Ossuary (visited)

Shops:
D:6 :==([

Annotations:
D:6 1 runed translucent door
D:10 2 transporters, Bobit's ghost, journeyman GnWn


Innate Abilities, Weirdness & Mutations

You have an increased reservoir of magic. (+10% MP)
You shall have no god before yourself.
Your divine heritage dramatically boosts your attributes as you level up.


Message History

* * * LOW HITPOINT WARNING * * *
The eight-headed hydra bites you but does no damage.
The eight-headed hydra bites you.
* * * LOW HITPOINT WARNING * * *
The basilisk gazes at you.
You easily resist.
The eight-headed hydra bites you but does no damage.
The eight-headed hydra bites you.
* * * LOW HITPOINT WARNING * * *
The eight-headed hydra bites you!
* * * LOW HITPOINT WARNING * * *
The eight-headed hydra bites you.
* * * LOW HITPOINT WARNING * * *
The eight-headed hydra bites you. The eight-headed hydra bites you!
* * * LOW HITPOINT WARNING * * *
The eight-headed hydra bites you but does no damage.
The eight-headed hydra bites you.
* * * LOW HITPOINT WARNING * * *
The basilisk gazes at you.
You easily resist.
The eight-headed hydra completely misses you.
The eight-headed hydra bites you.
* * * LOW HITPOINT WARNING * * *
The eight-headed hydra bites you.
* * * LOW HITPOINT WARNING * * *
The eight-headed hydra bites you.
* * * LOW HITPOINT WARNING * * *
The eight-headed hydra bites you.
* * * LOW HITPOINT WARNING * * *
The eight-headed hydra bites you but does no damage. x2
The eight-headed hydra bites you.
* * * LOW HITPOINT WARNING * * *
The basilisk bites you.
The eight-headed hydra bites you but does no damage.
The eight-headed hydra bites you!
* * * LOW HITPOINT WARNING * * *
The eight-headed hydra bites you.
* * * LOW HITPOINT WARNING * * *
The eight-headed hydra bites you!
You die...

+.........'..........
#/.......?###....###.
#.......## #........
####.....## ####.####
#........### #.#
#.###......# .#
#...#.#.# .#
###.##.....#.#
......D@...# #
###.###l....... #
.....#.## ##......#
##.##### ##


You could see an eight-headed hydra and a basilisk.

Vanquished Creatures
  Kirke (D:14)
  Erolcha (D:13)
  The ghost of Eli the Cruncher, a journeyman TeCj of Vehumet (D:13)
  3 vault guards (D:14)
  3 hydras
  A centaur warrior (D:14)
  3 two-headed ogres
  A boulder beetle (D:11)
  Nergalle (D:11)
  A skeletal warrior (D:9)
  3 ugly things (D:14)
  A shining eye (D:12)
  4 cyclopes
  3 manticores
  A cane toad (shapeshifter) (D:13)
  2 gargoyles
  4 kobold demonologists
  A tengu conjurer (D:13)
  4 trolls
  2 shadows
  Sigmund (D:4)
  3 slime creatures (D:14)
  3 wraiths
  2 wyverns
  2 water elementals (D:11)
  2 vampires (D:12)
  18 yaks
  Eustachio (D:4)
  3 hogs (D:14)
  10 humans (D:14)
  3 steam dragons
  3 basilisks
  A redback (D:6)
  Menkaure (D:6)
  A warg (D:11)
  8 water moccasins
  4 acid dragons
  3 orc warriors
  A sky beast (D:6)
  6 centaurs
  3 ogres
  A phantom (D:6)
  2 kobold brigands
  2 elf zombies (Ossuary)
  Blork the orc (D:4)
  3 bullfrogs
  8 scorpions
  13 wights
  10 killer bees
  4 howler monkeys
  6 electric eels (D:11)
  2 centaur zombies (Ossuary)
  4 hounds
  10 orc priests
  4 iguanas
  Ijyb (D:5)
  Terence (D:2)
  6 orc wizards
  Natasha (thrice) (D:4)
  2 mummies (Ossuary)
  8 gnolls
  14 adders
  4 river rats (D:5)
  A white imp (D:7)
  An ufetubus (D:7)
  2 worms (D:2)
  5 dart slugs
  40 orcs
  7 bats
  13 endoplasms
  21 giant cockroaches
  2 gnoll zombies (Ossuary)
  8 goblins
  8 hobgoblins
  3 jackals (D:4)
  12 quokkas
  7 ball pythons
  13 frilled lizards
  3 goblin zombies (Ossuary)
  3 hobgoblin zombies (Ossuary)
  13 kobolds
  A kobold (shapeshifter) (D:14)
  2 orc zombies (Ossuary)
  6 rats
400 creatures vanquished.

Vanquished Creatures (others)
  A human (D:14)
1 creature vanquished.

Grand Total: 401 creatures vanquished

Notes
Turn   | Place    | Note
-------+----------+-------------------------------------------
     0 | D:1      | spardeous the Demigod Conjurer began the quest for the Orb.
     0 | D:1      | Reached XP level 1. HP: 14/14 MP: 5/5
   237 | D:1      | Reached skill level 2 in Spellcasting
   382 | D:1      | Reached XP level 2. HP: 18/20 MP: 0/7
  1515 | D:2      | Reached XP level 3. HP: 26/26 MP: 4/9
  1628 | D:2      | Noticed Terence
  1655 | D:1      | Learned a level 2 spell: Searing Ray
  1877 | D:2      | Identified the +3 ring mail of Classification {+Blink
                  | rCorr}
  2369 | D:3      | Reached XP level 4. HP: 33/33 MP: 5/11
  2491 | D:3      | Reached skill level 3 in Spellcasting
  2978 | D:3      | Reached XP level 5. HP: 38/38 MP: 10/13
  3454 | D:2      | Learned a level 4 spell: Iskenderun's Mystic Blast
  3464 | D:2      | Killed Terence
  3465 | D:2      | Reached skill level 1 in Translocations
  3659 | D:4      | Noticed Blork the orc
  3662 | D:4      | Noticed Eustachio
  3667 | D:4      | Killed Blork the orc
  3778 | D:4      | Killed Eustachio
  3779 | D:4      | Reached XP level 6. HP: 39/45 MP: 4/14
  3853 | D:4      | Found a sand-covered staircase.
  3868 | Ossuary  | Entered an ossuary
  4332 | Ossuary  | Reached skill level 4 in Spellcasting
  4332 | Ossuary  | Reached XP level 7. HP: 39/50 MP: 1/16
  4739 | D:4      | Reached skill level 5 in Spellcasting
  5016 | D:4      | Noticed Sigmund
  5023 | D:4      | Killed Sigmund
  5024 | D:4      | Reached skill level 6 in Spellcasting
  5219 | D:4      | Noticed Natasha
  5222 | D:4      | Killed Natasha
  5451 | D:4      | Noticed Natasha
  5458 | D:4      | Killed Natasha
  5579 | D:4      | Noticed Natasha
  5607 | D:4      | Killed Natasha
  5722 | D:5      | Entered Level 5 of the Dungeon
  5831 | D:5      | Reached skill level 5 in Conjurations
  5831 | D:5      | Reached XP level 8. HP: 57/57 MP: 14/21
  5943 | D:5      | Found a glowing drain.
  5951 | Sewer    | Entered a sewer
  7105 | D:5      | Saw a vision of the Shoals and the Spider Nest.
  7105 | D:5      | Noticed a pharaoh ant
  7105 | D:5      | Noticed an orb spider
  7105 | D:5      | Noticed a radroach
  7105 | D:5      | Noticed a demonic crawler
  7105 | D:5      | Noticed a meliai
  7105 | D:5      | Noticed a steelbarb worm
  7105 | D:5      | Noticed a tarantella
  7105 | D:5      | Noticed a merfolk
  7105 | D:5      | Noticed a merfolk avatar
  7105 | D:5      | Noticed a manticore
  7105 | D:5      | Noticed a manticore
  7105 | D:5      | Noticed a merfolk
  7105 | D:5      | Noticed an entropy weaver
  7106 | D:5      | Noticed a steelbarb worm
  7106 | D:5      | Noticed a moth of wrath
  7106 | D:5      | Noticed a cyclops
  7107 | D:5      | Noticed a steelbarb worm
  7110 | D:5      | Noticed a merfolk aquamancer
  7288 | D:5      | Noticed Ijyb
  7318 | D:5      | Killed Ijyb
  8010 | D:6      | Found Sibloul's Jewellery Emporium.
  8194 | D:6      | Identified the +7 short sword of the Pariah {freeze, MP+9
                  | Dex+3}
  8285 | D:6      | Found Ityhe's Book Shoppe.
  8288 | D:6      | Noticed Menkaure
  8292 | D:6      | Killed Menkaure
  8346 | D:6      | Reached XP level 9. HP: 62/62 MP: 17/22
  8384 | D:6      | Found Esudal's Armour Boutique.
  8736 | D:6      | Found Faotzeh's Antique Weapon Boutique.
  8789 | D:6      | Found a runed translucent door.
  8790 | D:6      | Found a runed translucent gate.
  8791 | D:6      | Found a runed translucent gate.
  8793 | D:6      | Found the +9 staff of Olgreb {rPois∞}
  8798 | D:6      | Found a runed translucent door.
  8821 | D:6      | Found a runed translucent gate.
  8942 | D:6      | Found Pesidip's Jewellery Shoppe.
  9328 | D:7      | Reached skill level 5 in Translocations
  9484 | D:7      | Found a staircase to the Ecumenical Temple.
 11333 | D:8      | Noticed a two-headed ogre
 11350 | D:8      | Killed a two-headed ogre
 11351 | D:8      | Reached XP level 10. HP: 69/69 MP: 6/23
 11619 | D:8      | Noticed a manticore
 11628 | D:8      | Killed a manticore
 12696 | D:9      | Reached skill level 7 in Spellcasting
 13109 | D:9      | Noticed a two-headed ogre
 13112 | D:9      | Noticed a skeletal warrior
 13115 | D:9      | Killed a two-headed ogre
 13271 | D:9      | Killed a skeletal warrior
 13272 | D:9      | Reached skill level 8 in Spellcasting
 14118 | D:10     | Entered Level 10 of the Dungeon
 14124 | D:10     | Reached skill level 9 in Spellcasting
 14303 | D:10     | Reached XP level 11. HP: 47/74 MP: 14/28
 14669 | D:10     | Found a staircase to the Lair.
 14682 | D:10     | Reached skill level 10 in Spellcasting
 14985 | D:10     | Noticed a two-headed ogre
 15003 | D:10     | Killed a two-headed ogre
 15166 | D:10     | Found a transporter.
 15168 | D:10     | Noticed Bobit's ghost (journeyman GnWn)
 15232 | D:10     | Found a transporter.
 15232 | D:10     | Noticed a catoblepas
 15510 | D:11     | Noticed Nergalle
 15512 | D:11     | Reached skill level 11 in Spellcasting
 15515 | D:11     | Killed Nergalle
 16129 | D:11     | Found a staircase to the Orcish Mines.
 17185 | D:11     | Reached skill level 12 in Spellcasting
 17190 | D:11     | HP: 2/74 [centaur/arrow (12)]
 17914 | D:11     | Noticed a boulder beetle
 17937 | D:11     | Killed a boulder beetle
 18811 | D:12     | Noticed a boulder beetle
 18926 | D:12     | a boulder beetle changed into a shining eye
 19294 | D:12     | Reached XP level 12. HP: 81/81 MP: 29/33
 20072 | D:13     | Noticed Erolcha
 20089 | D:13     | Killed Erolcha
 20090 | D:13     | Reached skill level 13 in Spellcasting
 20185 | D:13     | Found a runed translucent door.
 20186 | D:13     | Noticed Eli's ghost (journeyman TeCj)
 20433 | D:13     | Noticed a five-headed hydra
 20450 | D:13     | Killed a five-headed hydra
 20451 | D:13     | Reached skill level 10 in Conjurations
 20982 | D:13     | Killed Eli's ghost
 20984 | D:13     | Identified the +9 shortbow "Zusenex" {elec, rPois}
 20985 | D:13     | Identified the +3 plate armour of Yroru {Int+4}
 21452 | D:14     | Noticed Kirke
 21463 | D:14     | Killed Kirke
 21558 | D:14     | Noticed a centaur warrior
 21574 | D:14     | Noticed an eight-headed hydra
 21576 | D:14     | Killed a centaur warrior
 21611 | D:14     | Killed an eight-headed hydra
 22037 | D:14     | Noticed a vault guard
 22039 | D:14     | Noticed a vault guard
 22039 | D:14     | Noticed a vault guard
 22078 | D:14     | Killed a vault guard
 22084 | D:14     | Killed a vault guard
 22244 | D:14     | Killed a vault guard
 22355 | D:14     | Found a gate to the Vaults.
 22555 | D:14     | Noticed a seven-headed hydra
 22567 | D:14     | Killed a seven-headed hydra
 22739 | D:14     | Noticed an eight-headed hydra
 22747 | D:14     | HP: 4/81 [eight-headed hydra (2)]
 22747 | D:14     | Slain by an eight-headed hydra

Illustrated notes

Levels and vault maps discovered:
D:1:      lemuel_arrival_room, layout_basic
D:2:      minmay_roachtagon, layout_rooms, uniq_terence
D:3:      layout_basic
D:4:      layout_basic, nicolae_sif_muna_little_library,
          mainiacjoe_overflow_alcove_2, enter_ossuary_2,
          minmay_misc_feat_ornament, uniq_eustachio, uniq_sigmund,
          uniq_blork_the_orc, uniq_natasha
D:5:      layout_layer_cave, grunt_ashenzari_visionary
          [grunt_ashenzari_visionary_shoals, grunt_ashenzari_visionary_spider],
          portal_sewer_entry_e, nicolae_eternal_life, uniq_ijyb
D:6:      layout_cave_pools, grunt_dithmenos_smoke_and_mirrors,
          mainiacjoe_overflow_paths, serial_shops,
          nicolae_shop_temple_entry_statues_fountains, shop, shop,
          nicolae_shop_real_fake_doors, nicolae_lakefront_shop,
          minmay_guarded_unrand_staff_of_olgreb, uniq_menkaure
D:7:      layout_basic, mainiacjoe_overflow_alcove_1, minmay_temple_entry_mist,
          kennysheep_cluttered_room
D:8:      layout_basic, nzn_wu_jian_contemplation,
          mainiacjoe_overflow_tiny_flanked, nicolae_elyvilon_temple_path,
          st_stairs_3
D:9:      minmay_chambers_of_sixes, layout_rooms, mainiacjoe_overflow_boulevard,
          minmay_misc_feat_plants, minmay_misc_feat_rugged,
          dreamdust_wishing_well
D:10:     layout_loops_ring, nicolae_overflow_hidden_temple,
          gammafunk_temple_overflow_statue, minmay_lair_entry_grove,
          gammafunk_ghost_berserking_beasts
D:11:     layout_rooms, david_orc_3, kennysheep_boxes, uniq_nergalle
D:12:     layout_basic
D:13:     layout_small_grid, gammafunk_ghost_grave, lemuel_flamethrower_2,
          uniq_erolcha
D:14:     layout_loops_corners, ximxim_vaults_locker_room,
          chequers_serial_rivers_micro_a, nicolae_ru_path_of_blood, uniq_kirke

Skill      XL: |  1  2  3  4  5  6  7  8  9 10 11 12 |
---------------+-------------------------------------+-----
Spellcasting   | 2 3 4 6 9 12 13 | 13.1
Conjurations   | 4 5 8 9 12 | 12.6
Translocations | 4 8 9 |  9.9
Dodging        | |  1.7
Stealth        | |  1.7

Action                     |  1- 3 |  4- 6 |  7- 9 | 10-12 || total
---------------------------+-------+-------+-------+-------++-------
  Melee: Unarmed           |     1 |       |       |       ||     1
         War axe           |     3 |    10 |    68 |     6 ||    87
         Short sword       |       |       |       |    36 ||    36
   Cast: Magic Dart        |   119 |    89 |   141 |    33 ||   382
         Searing Ray       |     1 |    15 |    41 |    22 ||    79
         Iskenderun's Myst |       |       |    52 |   289 ||   341
  Evoke: Wand              |       |       |       |     2 ||     2
    Use: Scroll            |       |       |       |    17 ||    17
         Potion            |       |       |       |     2 ||     2
 Armour: Robe              |     3 |       |       |       ||     3
         Ring mail         |     6 |    24 |    64 |    68 ||   162
         Skin              |       |       |     9 |       ||     9
  Dodge: Dodged            |    15 |    26 |   155 |   116 ||   312
  Block: Buckler           |       |     6 |    35 |    30 ||    71
